 Dungeon Crawl Stone Soup version 0.18.1-50-g88ac8fd (webtiles) character file.

133 Phaedo the Poker (level 5, -11/41 HPs)
             Began as a Merfolk Skald on Oct 25, 2016.
             Mangled by an ogre
             ... wielding a +0 giant club
              (19 damage)
             ... on level 3 of the Dungeon.
             The game lasted 00:16:14 (3402 turns).

Phaedo the Poker (Merfolk Skald)                    Turns: 3402, Time: 00:16:15

Health: -11/41     AC:  3    Str: 13    XL:     5   Next: 16%
Magic:  3/8        EV:  8    Int: 12    God:
Gold:   146        SH:  0    Dex: 13    Spells: 3 memorised, 2 levels left

rFire  . . .     SeeInvis .     a - +0 spear
rCold  . . .     Gourm    .     f - +0 leather armour
rNeg   . . .     Faith    .     (no shield)
rPois  .         Spirit   .     (no helmet)
rElec  .         Dismiss  .     (no cloak)
rCorr  .         Reflect  .     (no gloves)
SustAt .         Harm     .     (no boots)
MR     .....                    (no amulet)
Stlth  +.........               (no ring)
                                (no ring)

@: not resistant to hostile enchantments, very unstealthy
A: change form in water, swift swim
a: no special abilities


You were on level 3 of the Dungeon.
You were not hungry.

You visited 1 branch of the dungeon, and saw 3 of its levels.

You collected 146 gold pieces.

Inventory:

Hand Weapons
 a - a +0 spear (weapon)
 e - a +0 dagger
Missiles
 i - 2 needles of paralysis
 j - 134 stones (quivered)
 m - 8 needles of frenzy
 o - 15 poisoned needles
Armour
 f - a +0 leather armour (worn)
Jewellery
 g - an uncursed amulet of faith {unknown}
 h - a cursed amulet of inaccuracy {unknown}
Scrolls
 r - a scroll of fog {unknown}
 t - a scroll of remove curse
Potions
 b - 3 potions of curing {unknown}
 k - 2 potions of magic {unknown}
 n - a potion of haste {unknown}
 p - 3 potions of heal wounds {unknown}
 q - 2 potions of brilliance
 s - 2 potions of mutation {unknown}
Books
 c - a book of Battle

   Spells                             Type                      Level
   a - Infusion                       Charms                       1
   b - Shroud of Golubria             Charms/Translocation         2
   c - Song of Slaying                Charms                       2
   d - Spectral Weapon                Hexes/Charms                 3
   e - Regeneration                   Charms/Necromancy            3
Comestibles
 d - 2 bread rations
 l - 4 chunks of flesh


   Skills:
 + Level 3.1 Fighting
 + Level 4.3 Polearms
 - Level 0.6 Armour
 + Level 3.6 Dodging
 - Level 2.0 Spellcasting
 + Level 0.4 Hexes
 + Level 4.2 Charms


You had 2 spell levels left.
You knew the following spells:

 Your Spells              Type           Power        Failure   Level  Hunger
a - Infusion              Chrm           ##..         8%          1    ##.....
b - Song of Slaying       Chrm           ##......     12%         2    ###....
c - Spectral Weapon       Hex/Chrm       #.......     45%         3    ####...


Dungeon Overview and Level Annotations

Branches:
Dungeon (3/15)

Altars:
Ashenzari
Pakellas


Message History

You hit the ogre.
The ogre is moderately wounded.
The ogre barely misses you. The gnoll closely misses you.
You hit the ogre but do no damage.
The ogre is moderately wounded.
You hit the ogre.
The ogre is moderately wounded.
The ogre hits you with a giant club!!
Ouch! That really hurt!
* * * LOW HITPOINT WARNING * * *
The gnoll hits you from afar with a halberd.
* * * LOW HITPOINT WARNING * * *
Your magical infusion is running out.
You are no longer magically infusing your attacks.
Your song is almost over.
There is a stone staircase leading down here.
Your song has ended.
There is a stone staircase leading down here.
The ogre hits you with a giant club!!
You die...

.#...###.#
##.......######......#
##...##..###.......###
#......#
##...................#
###.####
.................##### ####.#
....................#####....#
.#...)###.........[.......####
##..<## #.......g.....#####
.....# #.......O.....# .#...#
##..####@.....## .##### ######
####....### .##########
#...)....## ...#..#≈PB.
#.##......# ##.'._#8P..
##.###..#..###### #..#..#≈P..
###..# #..........#
..######### #...##
#..........#
##############.###
#..........# #..#.......#.###
##.........#


You could see an ogre and a gnoll.

Vanquished Creatures
  4 gnolls
  3 adders
  An ooze (D:2)
  A worm (D:2)
  A dart slug (D:1)
  2 giant geckos
  A ball python (D:1)
  10 bats
  3 giant cockroaches (D:1)
  4 hobgoblins
  7 jackals
  3 giant newts
  5 goblins
  4 kobolds
  7 rats
56 creatures vanquished.

Vanquished Creatures (others)
  A lightning spire (D:3)
  3 bushes (D:3)
4 creatures vanquished.

Grand Total: 60 creatures vanquished

Notes
Turn   | Place    | Note
--------------------------------------------------------------
     0 | D:1      | Phaedo the Merfolk Skald began the quest for the Orb.
     0 | D:1      | Reached XP level 1. HP: 16/16 MP: 3/3
   273 | D:1      | Reached XP level 2. HP: 4/23 MP: 5/5
  1229 | D:1      | Reached XP level 3. HP: 17/28 MP: 6/6
  1855 | D:2      | Found a shattered altar of Ashenzari.
  2385 | D:2      | Reached XP level 4. HP: 17/34 MP: 7/7
  2802 | D:2      | Learned a level 2 spell: Song of Slaying
  2806 | D:2      | Learned a level 3 spell: Spectral Weapon
  3161 | D:3      | Reached XP level 5. HP: 41/41 MP: 8/8
  3240 | D:3      | Found an oddly glowing altar of Pakellas.
  3241 | D:3      | Noticed a boulder beetle
  3372 | D:3      | Noticed an ogre
  3402 | D:3      | Mangled by an ogre

Skill      XL: |  1  2  3  4 |
---------------+-------------+-----
Dodging        | 2 3 |  3.6
Polearms       | 4 |  4.3
Charms         | 4 |  4.2
Fighting       | 3 |  3.1
Armour         | |  0.6
Spellcasting   | |  2.0
Hexes          | |  0.4

Action                   |  1- 3 |  4- 6 || total
-------------------------+-------+-------++-------
Melee: Hunting sling     |    46 |       ||    46
       Spear             |    21 |    88 ||   109
 Fire: Hunting sling     |   202 |       ||   202
Throw: Stone             |     2 |     2 ||     4
 Cast: Infusion          |     7 |     5 ||    12
       Song of Slaying   |       |     1 ||     1
  Use: Scroll            |     3 |     2 ||     5
  Eat: Chunk             |     3 |     5 ||     8
Armor: Leather armour    |   114 |    16 ||   130
Dodge: Dodged            |   194 |    43 ||   237
